AoeStats
← YNWA27

Lombardia

508722323Analyzed
2v2 RM · 7d ago on Sep 23, 2026· 64m 50s· 4 players
Game mode
Random Map
Map size
Medium (4 player)
Population
200
Speed
Normal
Resources
Standard
Victory
Conquest
Starting age
Dark Age
Ending age
Imperial Age
RankedLock teamsTeams togetherTeam positionsShared explorationLock speedFull tech treeHidden civsTurbo modeCheats
Victory
Defeat
🇪🇸 Hindustanis · Spain
1116
+15
🇧🇷 Romans · Brazil
1103
+15
🇩🇪 Lithuanians · Germany
1122
-16
🇩🇪 Mongols · Germany
1057
-14
|BBQ| Feynman
3:34 Loom
9:51 Feudal Age
16:46 Double-Bit Axe
19:36 Castle Age
28:21 Fletching
29:33 Bow Saw
29:52 Horse Collar
30:24 Padded Archer Armor
33:49 Wheelbarrow
34:26 Bodkin Arrow
37:37 Thumb Ring
43:17 Imperial Age
42:14 Gold Mining
43:46 Scale Barding Armor
43:54 Forging
43:59 Town Watch
44:20 Heavy Plow
46:09 Gold Shaft Mining
49:01 Pikeman
51:36 Scale Mail Armor
53:39 Fortified Wall
55:26 Chain Mail Armor
64:53 Conscription
65:22 Plate Mail Armor
YNWA27
9:05 Feudal Age
8:21 Loom
9:45 Double-Bit Axe
13:52 Loom
16:12 Castle Age
14:49 Scale Barding Armor
14:29 Horse Collar
14:46 Loom
15:06 Gold Mining
15:58 Bloodlines
16:35 Forging
19:28 Town Watch
29:57 Husbandry
31:40 Bow Saw
34:22 Wheelbarrow
33:53 Heavy Plow
34:53 Stone Mining
36:05 Chain Barding Armor
36:21 Iron Casting
36:52 Hand Cart
36:36 Fletching
40:30 Imperial Age
40:51 Bodkin Arrow
41:10 Cavalier
42:27 Plate Barding Armor
44:02 Conscription
43:51 Paladin
51:10 Pikeman
51:51 Squires
51:53 Scale Mail Armor
51:54 Bracer
52:28 Halberdier
53:25 Chain Mail Armor
55:24 Light Cavalry
El azote
11:42 Feudal Age
15:35 Castle Age
13:51 Double-Bit Axe
22:41 Horse Collar
28:01 Bloodlines
28:19 Bow Saw
28:39 Heavy Plow
30:02 Husbandry
34:24 Imperial Age
32:58 Forging
35:00 Iron Casting
34:31 Scale Barding Armor
35:33 Conscription
34:45 Heavy Camel Rider
37:00 Blast Furnace
40:32 Chain Barding Armor
43:18 Plate Barding Armor
43:06 Imperial Camel Rider
49:07 Wheelbarrow
49:39 Gold Mining
53:33 Two-Man Saw
54:45 Chemistry
56:00 Shatagni
57:40 Padded Archer Armor
62:20 Siege Elephant
Makeiko
10:56 Feudal Age
11:59 Double-Bit Axe
12:15 Loom
18:12 Castle Age
18:55 Bloodlines
22:25 Forging
24:08 Husbandry
29:07 Wheelbarrow
31:25 Stone Mining
31:25 Gold Mining
33:02 Iron Casting
32:32 Scale Barding Armor
36:52 Chain Barding Armor
42:51 Imperial Age
41:57 Pikeman
42:42 Squires
42:54 Halberdier
43:00 Cavalier
45:24 Plate Barding Armor
46:46 Conscription
47:31 Heavy Scorpion
49:19 Chemistry
50:32 Horse Collar
51:05 Bow Saw
61:54 Light Cavalry
Connection lost

Rejoining the realm…

Still unreachable

The connection could not be restored.

Session expired

The server has moved on; the page needs a fresh start.